 Dungeon Crawl Stone Soup version 0.26.0-91-g99b343417d (webtiles) character file.

Game seed: 15708648056999320976

157203 PentaManta the Brawler (level 17, -3/176 HPs)
             Began as a Troll Abyssal Knight on Feb 3, 2021.
             Was the Champion of Lugonu.
             Slain by a white very ugly thing (35 damage)
             ... on level 1 of the Depths.
             The game lasted 01:22:27 (31047 turns).

PentaManta the Brawler (Troll Abyssal Knight)      Turns: 31047, Time: 01:22:27

Health: -3/176     AC: 17    Str: 31    XL:     17   Next: 12%
Magic:  22/22      EV: 12    Int:  8    God:    Lugonu [******]
Gold:   2630       SH: 21    Dex:  9    Spells: 16/16 levels left

rFire    + + +     SeeInvis +     - Unarmed
rCold    . . .     Faith    .   p - +0 tower shield
rNeg     . . .     Spirit   .   V - +0 fire dragon scales
rPois    .         Reflect  .   (helmet restricted)
rElec    .         Harm     .   P - +0 cloak
rCorr    .         Rampage  .   (gloves unavailable)
Will     ++...                  (boots unavailable)
Stlth    ..........             o - amulet "Boloidit" {+Blink Regen+ Str+2 SInv}
HPRegen  1.19/turn              g - +4 ring of protection
MPRegen  0.18/turn              O - ring of protection from cold

@: studying Spellcasting
A: large, unfitting armour, claws 3, fire resistance 1, strong-willed 1,
regeneration 1, shaggy fur 1, tough skin 3
a: Renounce Religion, Evoke Blink, Depart the Abyss, Bend Space, Banish,
Corrupt, Enter the Abyss, Brand Weapon With Distortion


You were on level 1 of the Depths.
You worshipped Lugonu.
Lugonu was exalted by your worship.
You visited 6 branches of the dungeon, and saw 27 of its levels.
You visited the Abyss 1 time.
You also visited: Ice Cave and Volcano.

You collected 2700 gold pieces.
You spent 70 gold pieces at shops.

Inventory:

Hand Weapons
 E - a +4 dagger of venom
Missiles
 a - 3 silver javelins
 c - 3 throwing nets
 M - 14 curare-tipped darts
 X - 26 large rocks
Armour
 p - a +0 tower shield (worn)
 y - a +2 robe of willpower
 P - a +0 cloak (worn)
 V - +0 fire dragon scales (worn)
Jewellery
 f - an uncursed ring of protection from fire
 g - a +4 ring of protection (left claw)
 o - the amulet "Boloidit" (around neck) {+Blink Regen+ Str+2 SInv}
   (You found it on level 4 of the Dungeon)

   [amulet of regeneration]

   It affects your strength (+2).
   It lets you see invisible.
   It lets you blink.
   It increases your rate of regeneration.
 q - an uncursed ring of willpower
 z - an uncursed ring of ice
 A - an uncursed ring of poison resistance
 B - an uncursed amulet of reflection
 C - an uncursed ring of willpower
 H - an uncursed amulet of the acrobat
 L - the ring of Tulips {+Fly rPois Will++ Str+9 Int-2}
   (You acquired it on level 1 of the Lair of Beasts)

   [ring of flight]

   It affects your strength (+9).
   It affects your intelligence (-2).
   It protects you from poison.
   It affects your willpower, your defense against some magical effects.
   It lets you fly.
 O - a ring of protection from cold (right claw)
 Q - an uncursed ring of protection from fire
 W - a +4 ring of protection
Wands
 e - a wand of digging (3)
 K - a wand of acid (22)
Scrolls
 d - 6 scrolls of identify
 l - 2 scrolls of magic mapping
 n - 10 scrolls of teleportation
 w - a scroll of blinking
 x - 7 scrolls of remove curse
 D - 5 scrolls of enchant weapon
 I - 9 scrolls of enchant armour
 J - 6 scrolls of amnesia
 N - 3 scrolls of fear
Potions
 b - 5 potions of haste
 h - 6 potions of ambrosia
 j - 2 potions of magic
 k - 5 potions of flight
 m - 12 potions of mutation
 r - 5 potions of attraction
 s - 2 potions of brilliance
 t - 2 potions of invisibility
 u - 3 potions of heal wounds
 v - 7 potions of curing
 R - 4 potions of cancellation
 Y - 3 potions of resistance
 Z - 4 potions of might
Books
 G - a manual of Spellcasting
Miscellaneous
 i - a box of beasts
 S - a phantom mirror
 T - a phial of floods
 U - a condenser vane


   Skills:
 - Level 13.0 Fighting
 + Level 1.0 Armour
 - Level 10.7 Dodging
 - Level 15.0 Shields
 - Level 16.1 Unarmed Combat
 - Level 9.0 Invocations


You had 16 spell levels left.
You didn't know any spells.
Your spell library contained the following spells:

 Spells                   Type           Power        Failure   Level
 Animate Skeleton         Necr           0%           71%         1
 Apportation              Tloc           0%           71%         1
 Beastly Appendage        Tmut           0%           71%         1
 Corona                   Hex            0%           71%         1
 Foxfire                  Conj/Fire      0%           71%         1
 Freeze                   Ice            0%           71%         1
 Pain                     Necr           0%           71%         1
 Sandblast                Erth           0%           71%         1
 Sting                    Tmut/Pois      0%           71%         1
 Summon Small Mammal      Summ           0%           71%         1
 Blink                    Tloc           N/A          85%         2
 Call Imp                 Summ           0%           85%         2
 Ensorcelled Hibernation  Hex/Ice        0%           85%         2
 Passwall                 Tmut/Erth      0%           85%         2
 Poisonous Vapours        Pois/Air       0%           85%         2
 Wereblood                Tmut           0%           85%         2
 Call Canine Familiar     Summ           0%           97%         3
 Conjure Flame            Conj/Fire      0%           97%         3
 Dazzling Flash           Conj/Hex       0%           97%         3
 Frozen Ramparts          Ice            0%           97%         3
 Ignite Poison            Fire/Tmut/Pois 0%           97%         3
 Inner Flame              Hex/Fire       0%           97%         3
 Lesser Beckoning         Tloc           0%           97%         3
 Mephitic Cloud           Conj/Pois/Air  0%           97%         3
 Ozocubu's Armour         Ice            0%           97%         3
 Spider Form              Tmut/Pois      0%           97%         3
 Static Discharge         Conj/Air       0%           97%         3
 Summon Guardian Golem    Hex/Summ       0%           97%         3
 Tukima's Dance           Hex            0%           97%         3
 Vampiric Draining        Necr           0%           97%         3
 Animate Dead             Necr           0%           100%        4
 Cause Fear               Hex            0%           100%        4
 Hailstorm                Conj/Ice       0%           100%        4
 Ice Form                 Ice/Tmut       0%           100%        4
 Olgreb's Toxic Radiance  Pois           0%           100%        4
 Sticky Flame             Conj/Fire      0%           100%        4
 Summon Ice Beast         Ice/Summ       0%           100%        4
 Summon Lightning Spire   Summ/Air       0%           100%        4
 Agony                    Necr           0%           100%        5
 Alistair's Intoxication  Tmut/Pois      0%           100%        5
 Blade Hands              Tmut           0%           100%        5
 Borgnjor's Vile Clutch   Necr/Erth      0%           100%        5
 Fireball                 Conj/Fire      0%           100%        5
 Lightning Bolt           Conj/Air       0%           100%        5
 Silence                  Hex/Air        0%           100%        5
 Summon Forest            Summ/Tloc      0%           100%        5
 Yara's Violent Unravell  Hex/Tmut       0%           100%        5
 Death Channel            Necr           0%           100%        6
 Dispersal                Tloc           0%           100%        6
 Invisibility             Hex            0%           100%        6
 Ozocubu's Refrigeration  Ice            0%           100%        6
 Simulacrum               Ice/Necr       0%           100%        6
 Starburst                Conj/Fire      0%           100%        6
 Statue Form              Tmut/Erth      0%           100%        6
 Discord                  Hex            0%           100%        8
 Ignition                 Fire           0%           100%        8
 Shatter                  Erth           0%           100%        9
 Tornado                  Air            0%           100%        9


Dungeon Overview and Level Annotations

Branches:
Dungeon (15/15)            Temple (1/1) D:6            Lair (6/6) D:10
 Shoals (0/4) Lair:3       Spider (0/4) Lair:2        Slime (0/5) Lair:5
    Orc (2/2) D:12            Elf (1/3) Orc:2        Vaults (0/5) D:13
 Depths (2/5) D:15          IceCv (visited)         Volcano (visited)

Altars:
Ashenzari
Cheibriados
Dithmenos
Elyvilon
Fedhas
Gozag
Hepliaklqana
Kikubaaqudgha
Makhleb
Nemelex Xobeh
Okawaru
Qazlal
Ru
Sif Muna
Trog
Uskayaw
Vehumet
Wu Jian
Xom
Yredelemnul
Zin
The Shining One
Beogh
Jiyva

Shops:
Orc:1 =   Orc:2 *(*=[   Elf:1 (   Depths:1 *

Portals:
Hell: Depths:1
Abyss: Lair:5
Ziggurat: Depths:1

Annotations:
Lair:5 2 transporters, cada's ghost, journeyman DgTm
Depths:1 2 transporters, exclusions: obsidian statue and orange crystal statue, Soesill's ghost, adept DgCj; Zeph's ghost, adept NaFi
Abyss:1 Nergalle


Innate Abilities, Weirdness & Mutations

You are too large for most types of armour.
You have claws for hands.
Your natural rate of healing is unusually fast.
You are covered in fur. (AC +1)
You have extremely tough skin. (AC +3)
Your flesh is heat resistant. (rF+)
You are strong-willed. (Will+)


Message History

The white very ugly thing is lightly wounded.
You barely miss the white very ugly thing.
The white very ugly thing is lightly wounded.
The white very ugly thing punches you.
The white very ugly thing freezes you!!!
* * * LOW HITPOINT WARNING * * *
You eviscerate the white very ugly thing!!!
The white very ugly thing is heavily wounded.
You block the white very ugly thing's attack.
You barely miss the white very ugly thing.
The white very ugly thing is heavily wounded.
You mangle the white very ugly thing!!
The white very ugly thing is almost dead.
The white very ugly thing closely misses you.
You closely miss the white very ugly thing.
The white very ugly thing is almost dead.
The white very ugly thing punches you!
* * * LOW HITPOINT WARNING * * *
The white very ugly thing freezes you!!
You die...

##### ########### ########
....####### #.........## #.......
....#.....###.#........###.......
....'.....##....######...........
....#..[..#..####.....###........
....######..## #.#########...)...
#..........## #@##)###[.##......
#.........## #u###.#.##)##.....
#.........##.###†###.#.#####.....
#.........###...#...##.#####.....
.....###.#.#########.##....##.###
.....#...#.##..#..##.#.####.#.#
.....#...#.#.##.##)}##.####.#.#
.....#...#.####.##.(##.##)#.#.#
#....#...#.####.#.##..#..##.#.#


You could see a white very ugly thing.

Vanquished Creatures
  Frances (D:12)
  A sphinx (D:13)
  Roxanne (D:14)
  Kirke (D:12)
  A frost giant (Depths:1)
  An orc warlord (Orc:1)
  2 fire giants
  Louise (D:14)
  2 stone giants
  2 very ugly things (Depths:1)
  2 entropy weavers (Lair:4)
  Snorg (Lair:6)
  An ettin (D:15)
  5 fire dragons
  2 great orbs of eyes (Depths:1)
  Josephine (D:14)
  2 yaktaur captains (Depths:1)
  A deep elf high priest (D:13)
  5 boulder beetles
  An ice dragon (Depths:1)
  5 vault guards
  A death knight (D:14)
  7 centaur warriors
  5 death yaks (Lair:6)
  A catoblepas (Lair:6)
  2 deep troll shamans
  A merfolk avatar (Lair:6)
  A queen ant (Lair:3)
  An ogre mage (D:15)
  4 two-headed ogres
  A tengu warrior (D:15)
  5 deep troll earth magi
  An orc high priest (Orc:2)
  A spriggan berserker (Depths:1)
  6 deep elf knights
  A fire crab (Volcano)
  A skeletal warrior (D:13)
  An unseen horror (D:15)
  5 deep trolls
  An iron troll (D:15)
  A sea snake (Lair:6)
  A glowing orange brain (Depths:1)
  5 orc knights
  Pikel (D:4)
  A deep elf archer (Orc:2)
  2 lindwurms
  12 deep elf magi
  A harpy (Lair:6)
  A wolf spider (D:14)
  6 orc sorcerers
  An ugly thing (D:14)
  2 manticores (D:14)
  5 elephants (Lair:6)
  4 cyclopes
  2 ice statues
  2 black mambas
  A torpor snail (Lair:6)
  2 molten gargoyles (Volcano)
  17 cane toads
  3 gargoyles
  5 centaur skeletons
  9 komodo dragons
  8 rime drakes
  6 yaktaurs (Depths:1)
  2 kobold demonologists (D:11)
  A tengu conjurer (D:14)
  2 freezing wraiths (D:14)
  8 trolls
  25 polar bears
  14 slime creatures
  A wind drake (Lair:6)
  4 hornets
  A queen bee (Lair:5)
  7 dream sheep (Lair:4)
  5 blink frogs (Lair:3)
  A spriggan (D:13)
  A redback (Lair:2)
  10 wraiths
  5 wyverns
  A shadow (D:15)
  60 yaks
  2 basilisks
  13 fire bats (Volcano)
  3 hogs (D:12)
  7 vampire mosquitoes
  2 chaos spawn (D:9)
  4 wargs
  6 water moccasins
  A hell hound (Volcano)
  15 soldier ants
  2 acid dragons
  23 orc warriors
  2 sky beasts
  11 ice beasts
  5 black bears
  An eye of draining (D:14)
  8 ogres
  A phantom (D:4)
  An eye of draining (shapeshifter) (D:15)
  18 wolves
  5 boggarts (D:14)
  2 necrophages
  18 centaurs
  2 lemures (D:4)
  3 big kobolds
  23 bullfrogs
  3 wyvern skeletons
  A hornet simulacrum (D:14)
  2 scorpions
  27 killer bees
  5 wights
  7 electric eels
  4 howler monkeys
  A centaur zombie (D:7)
  A bullfrog zombie (D:12)
  8 hounds
  5 lava snakes (Volcano)
  2 gnoll shamans
  2 jellies
  13 orc priests
  29 orc wizards
  4 iguanas
  45 worker ants
  A hound skeleton (D:11)
  3 worker ant zombies
  16 gnolls
  A howler monkey skeleton (D:7)
  6 adders
  2 shadow imps
  2 ufetubi
  2 oozes (D:4)
  An adder skeleton (D:4)
  2 worms (D:2)
  4 dart slugs
  2 leopard geckos
  71 orcs
  3 bats
  5 giant cockroaches
  5 goblins
  6 hobgoblins
  8 quokkas
  6 frilled lizards
  17 kobolds
  A leopard gecko skeleton (D:6)
  A quokka skeleton (D:7)
  8 rats
841 creatures vanquished.

Vanquished Creatures (others)
  2 manticores
  2 orc priests (Orc:2)
  41 fungi
  73 plants
118 creatures vanquished.

Grand Total: 959 creatures vanquished

Notes
Turn   | Place    | Note
-------+----------+-------------------------------------------
     0 | Abyss:1  | PentaManta the Troll Abyssal Knight began the quest for the
                  | Orb.
     0 | Abyss:1  | Reached XP level 1. HP: 22/22 MP: 1/1
    80 | Abyss:1  | Noticed a large abomination
    80 | Abyss:1  | Noticed a thrashing horror
    84 | D:1      | Escaped the Abyss
   161 | D:1      | Reached XP level 2. HP: 29/29 MP: 2/2
   185 | D:1      | Reached * piety under Lugonu
   270 | D:1      | Reached skill level 3 in Unarmed Combat
   396 | D:1      | Reached XP level 3. HP: 36/36 MP: 3/3
  1135 | D:2      | Reached skill level 4 in Unarmed Combat
  1588 | D:3      | Reached XP level 4. HP: 44/44 MP: 4/4
  1604 | D:3      | Found an ancient bone altar of Kikubaaqudgha.
  1630 | D:3      | Reached ** piety under Lugonu
  1716 | D:3      | You fall into a shaft and drop 3 floors!
  1724 | D:5      | Entered Level 5 of the Dungeon
  1762 | D:5      | Reached XP level 5. HP: 38/50 MP: 4/6
  1828 | D:4      | Got a brightly glowing amethyst amulet
  1834 | D:4      | Identified the amulet "Boloidit" {+Blink Regen+ Str+2 SInv}
                  | (You found it on level 4 of the Dungeon)
  1860 | D:4      | Noticed a phantom
  1870 | D:4      | Killed a phantom
  1871 | D:4      | Reached skill level 5 in Unarmed Combat
  1871 | D:4      | Reached XP level 6. HP: 59/59 MP: 7/7
  2411 | D:3      | Found a stormy altar of Qazlal.
  2637 | D:4      | Noticed Pikel
  2667 | D:4      | Killed Pikel
  2668 | D:4      | Reached skill level 5 in Invocations
  2668 | D:4      | Reached XP level 7. HP: 41/67 MP: 8/10
  3059 | D:4      | Reached XP level 8. HP: 78/78 MP: 11/11
  3557 | D:5      | Reached *** piety under Lugonu
  3685 | D:5      | Found a sacrificial altar of Ru.
  3685 | D:5      | Found an opulent altar of Gozag.
  4219 | D:6      | Found a white marble altar of Elyvilon.
  4382 | D:6      | Found a staircase to the Ecumenical Temple.
  4391 | Temple   | Entered the Ecumenical Temple
  5236 | D:7      | Reached XP level 9. HP: 87/87 MP: 13/13
  5594 | D:8      | Reached skill level 5 in Fighting
  5692 | D:8      | Found a hazy altar of Hepliaklqana.
  5736 | D:8      | Reached **** piety under Lugonu
  5773 | D:8      | Reached skill level 5 in Dodging
  6043 | D:8      | Found a shimmering altar of Xom.
  6046 | D:8      | Found the +7 mace of Variability {chain chaos}
  6729 | D:9      | Found an iron altar of Okawaru.
  6998 | D:9      | Reached XP level 10. HP: 97/98 MP: 15/15
  7037 | D:9      | Found a glowing silver altar of Zin.
  7038 | D:9      | Noticed an angel
  7041 | D:9      | Found a shimmering altar of Xom.
  8491 | D:10     | Entered Level 10 of the Dungeon
  8684 | D:9      | Reached skill level 6 in Unarmed Combat
  9270 | D:10     | Found a staircase to the Lair.
  9472 | D:11     | Noticed a gargoyle
  9483 | D:11     | Killed a gargoyle
  9581 | D:11     | Reached skill level 7 in Unarmed Combat
  9599 | D:11     | Noticed a rust devil
  9754 | D:11     | Noticed a flayed ghost
 10078 | D:11     | Reached skill level 1 in Shields
 10278 | D:11     | Noticed a white ugly thing
 10280 | D:11     | Banished a white ugly thing
 10383 | D:11     | Noticed a purple ugly thing
 10384 | D:11     | Banished a purple ugly thing
 10385 | D:11     | Reached XP level 11. HP: 109/109 MP: 11/16
 10402 | D:11     | Banished a flayed ghost
 11387 | Lair:1   | Entered Level 1 of the Lair of Beasts
 11425 | Lair:1   | Reached skill level 5 in Shields
 11547 | Lair:1   | Noticed Nergalle
 11559 | Lair:1   | Banished Nergalle
 11718 | Lair:1   | Noticed an eight-headed hydra
 11720 | Lair:1   | Banished an eight-headed hydra
 12037 | Lair:1   | You fall into a shaft and drop 1 floor!
 12323 | Lair:1   | Found a transporter.
 12325 | Lair:1   | Found a transporter.
 12326 | Lair:1   | Noticed a boulder beetle
 12326 | Lair:1   | Noticed a boulder beetle
 12371 | Lair:1   | Identified 2 scrolls of acquirement
 12371 | Lair:1   | Acquired a manual of Unarmed Combat
 12372 | Lair:1   | Acquired the ring of Tulips {+Fly rPois Will++ Str+9 Int-2}
 12619 | Lair:1   | Reached skill level 8 in Unarmed Combat
 12699 | Lair:1   | Killed a boulder beetle
 12700 | Lair:1   | Reached XP level 12. HP: 118/118 MP: 17/17
 12713 | Lair:1   | Killed a boulder beetle
 12854 | Lair:2   | Reached skill level 9 in Unarmed Combat
 13024 | Lair:2   | Found a hole to the Spider Nest.
 13554 | Lair:3   | Reached skill level 10 in Unarmed Combat
 13729 | Lair:3   | Reached skill level 10 in Shields
 13755 | Lair:3   | Found a staircase to the Shoals.
 14045 | Lair:3   | Noticed a five-headed hydra
 14047 | Lair:3   | Banished a five-headed hydra
 14069 | Lair:3   | Reached skill level 11 in Unarmed Combat
 14826 | Lair:4   | Noticed a queen ant
 14826 | Lair:4   | Noticed an entropy weaver
 14826 | Lair:4   | Noticed an eight-headed hydra
 14827 | Lair:4   | Noticed an entropy weaver
 14871 | Lair:3   | Killed a queen ant
 15007 | Lair:4   | Banished an eight-headed hydra
 15008 | Lair:4   | Reached XP level 13. HP: 103/124 MP: 13/18
 15047 | Lair:4   | Killed an entropy weaver
 15048 | Lair:4   | Reached skill level 12 in Unarmed Combat
 15171 | Lair:4   | Killed an entropy weaver
 16200 | Lair:5   | Found a frozen archway.
 16399 | Lair:5   | Reached skill level 13 in Unarmed Combat
 16405 | IceCv    | Entered an ice cave
 16683 | IceCv    | Reached ***** piety under Lugonu
 16859 | IceCv    | Noticed a frost giant
 16879 | IceCv    | Banished a frost giant
 17898 | Lair:5   | Noticed cada's ghost (journeyman DgTm)
 17898 | Lair:5   | Identified the +5 trident of the Pill Bug {distort, Str+3
                  | Int+2 Dex-2}
 17917 | Lair:5   | Found a transporter.
 17973 | Lair:5   | Found a staircase to the Slime Pits.
 17973 | Lair:5   | Found a viscous altar of Jiyva.
 18100 | Lair:5   | Found a transporter.
 18104 | Lair:5   | Found a one-way gate to the infinite horrors of the Abyss.
 18209 | Lair:5   | Reached XP level 14. HP: 124/136 MP: 19/19
 18362 | Lair:6   | Entered Level 6 of the Lair of Beasts
 18374 | Lair:6   | Reached skill level 14 in Unarmed Combat
 18520 | Lair:6   | Found a dark tunnel.
 18566 | Volcano  | Entered a volcano
 18965 | Volcano  | Found a bloodstained altar of Trog.
 19365 | Lair:6   | Noticed Snorg
 19459 | Lair:6   | Killed Snorg
 20775 | D:12     | Found a staircase to the Orcish Mines.
 20993 | D:12     | Noticed Kirke
 21027 | D:12     | Killed Kirke
 21128 | D:12     | Identified the Incunabulum of Poisoning and the Traveller
 21187 | D:12     | Noticed Frances
 21200 | D:12     | Killed Frances
 21201 | D:12     | Reached XP level 15. HP: 136/149 MP: 20/20
 21926 | Orc:1    | Entered Level 1 of the Orcish Mines
 22249 | Orc:1    | Found Hame's Jewellery Boutique.
 22419 | Orc:1    | Reached skill level 10 in Fighting
 22494 | Orc:2    | Entered Level 2 of the Orcish Mines
 22597 | Orc:2    | Reached ****** piety under Lugonu
 22646 | Orc:2    | Noticed an orc warlord
 22674 | Orc:1    | Killed an orc warlord
 22872 | Orc:2    | Found a roughly hewn altar of Beogh.
 22987 | Orc:2    | Found Hesyetos's Antique Weapon Shoppe.
 22989 | Orc:2    | Found Viusias's Antique Armour Shoppe.
 23067 | Orc:2    | Found Baxurusou's General Store.
 23099 | Orc:2    | Found Neyhosi's Jewellery Shoppe.
 23124 | Orc:2    | Found a staircase to the Elven Halls.
 23351 | Orc:2    | Reached skill level 15 in Shields
 23352 | Orc:2    | Found Kuyruhet's General Store.
 23616 | Elf:1    | Entered Level 1 of the Elven Halls
 23616 | Elf:1    | Found Fuileoceusch's Antique Weapon Shoppe.
 24142 | Orc:2    | Bought a potion of heal wounds for 70 gold pieces
 24761 | Elf:1    | Noticed a deep elf sorcerer
 25193 | D:12     | Reached skill level 15 in Unarmed Combat
 25736 | D:13     | Noticed a sphinx
 25746 | D:13     | Killed a sphinx
 25839 | D:13     | Found a gate to the Vaults.
 25964 | D:13     | Found the +5 sword of Power {vorpal}
 26368 | D:14     | Noticed Louise
 26461 | D:14     | Killed Louise
 26462 | D:14     | Reached XP level 16. HP: 100/163 MP: 6/21
 26940 | D:14     | Found an opulent altar of Gozag.
 26973 | D:14     | Noticed Josephine
 27001 | D:14     | Killed Josephine
 27233 | D:14     | Identified Roxanne's Compendium of Clay
 27233 | D:14     | Noticed Roxanne
 27352 | D:14     | Killed Roxanne
 27893 | D:15     | Entered Level 15 of the Dungeon
 28208 | D:15     | Gained mutation: You tend to lose your temper in combat. [a
                  | neqoxec]
 28830 | D:15     | Found a staircase to the Depths.
 29113 | Depths:1 | Entered Level 1 of the Depths
 29138 | Depths:1 | Found a gateway to Hell.
 29175 | Depths:1 | Found Ynux's Elemental Accessories.
 29719 | Depths:1 | Reached skill level 10 in Dodging
 29941 | Depths:1 | Noticed Zeph's ghost (adept NaFi)
 29942 | Depths:1 | Noticed a titan
 29943 | Depths:1 | Noticed a caustic shrike
 29951 | Depths:1 | Found a transporter.
 29957 | Depths:1 | Noticed Soesill's ghost (adept DgCj)
 29976 | Depths:1 | Found a transporter.
 30168 | Depths:1 | Found a gateway to a ziggurat.
 30262 | Depths:1 | Acquired a manual of Spellcasting
 30561 | Depths:1 | Reached skill level 16 in Unarmed Combat
 30718 | Depths:1 | Lost mutation: You tend to lose your temper in combat.
                  | [potion of mutation]
 30718 | Depths:1 | Gained mutation: You are strong-willed. (Will+) [potion of
                  | mutation]
 30718 | Depths:1 | Gained mutation: Your flesh is heat resistant. (rF+)
                  | [potion of mutation]
 30724 | Depths:1 | Noticed a caustic shrike
 30744 | Depths:1 | Banished a caustic shrike
 30745 | Depths:1 | Reached XP level 17. HP: 24/176 MP: 17/22
 30940 | Depths:1 | Identified Kykhyb's Handbook of Fetching Cold
 31036 | Depths:1 | Reached skill level 1 in Armour
 31047 | Depths:1 | Slain by a white very ugly thing

Illustrated notes

Levels and vault maps discovered:
D:1:      psy_arrival_whirlpool, layout_rooms, hex_medium
D:2:      layout_loops_cross, serial_forest, infiniplex_forest_pool,
          infiniplex_forest_end_double, infiniplex_forest_clump_medium,
          infiniplex_forest_lined_3, infiniplex_forest_lined_room_2
D:3:      layout_basic, lemuel_coloured_pillars_altar,
          nicolae_overflow_crystal_walls
D:4:      layout_loops_ring, uniq_pikel
D:5:      layout_basic, gammafunk_temple_overflow_wave
D:6:      layout_cave_pools, elyvilon_altar_4, minmay_temple_entry_statues,
          hangedman_abyss_or_decor_passed, chequers_jeans
D:7:      layout_loops_ring
D:8:      layout_rooms, nzn_hepliaklqana_mist_gate,
          minmay_guarded_unrand_variability
D:9:      layout_loops_cross, grunt_temple_overflow_order_and_chaos_1,
          okawaru_gym_becter
D:10:     layout_cave_pools, lair_entry_dummy
D:11:     layout_roguey, serial_bayou_ford_a, minmay_holes,
          kennysheep_island_fort
D:12:     layout_basic, orc_0_dummy, uniq_kirke, uniq_frances
D:13:     minmay_guarded_unrand_sword_of_power, layout_basic,
          hangedman_vaults_entry_quadrant_bands, drop_trap,
          chequers_mini_garden, the_bakery
D:14:     minmay_slanted_spiral_squares, layout_basic,
          nicolae_gozag_cash_rules_everything_around_me, serial_corexii_hall,
          chequers_hall_statues_y, chequers_hall_statues_y, uniq_louise,
          uniq_josephine, uniq_roxanne
D:15:     hangedman_depths_entry_civil_slaughter, layout_basic,
          nicolae_benzene_ring, minivault_16
Temple:   eino_temple_lava
Lair:1:   gammafunk_boulding_lane, layout_regular_city, uniq_nergalle
Lair:2:   layout_cave_shapes, spider_nest_entry_webs, small_statue_intersection,
          cheibrodos_lair_caveside_slide, columned_hall_lemuel
Lair:3:   beast_lair_carwin_large_3, layout_regular_city,
          minmay_shoals_entry_beasts, st_stairs_12
Lair:4:   layout_roguey, zaba_anthell
Lair:5:   layout_roguey, slime_altar_1, portal_ice_cave_entry_ice_beasts,
          special_room [special_room_bee], gammafunk_ghost_abyssal_escape,
          minivault_25, chequers_serial_rivers_small_b, lemuel_fruit_tree,
          infiniplex_staircase_pool
Lair:6:   gammafunk_lair_ancient_temple, layout_regular_city, enter_volcano_2,
          eino_small_chamber_without_monster, serial_bayou_shore_b,
          serial_bayou_shore_b, serial_bayou_shore_b, uniq_snorg
Orc:1:    layout_caves, serial_shops, shop_statue
Orc:2:    grunt_orc_cross, layout_caves, serial_shops, shop,
          elves_outpost_lemuel
Elf:1:    layout_loops_corners, serial_shops, shop, shop, shop, shop, shop,
          hangedman_elf_disciples, minivault_16, st_stairs_3
Depths:1: layout_gridville, enter_ziggurat_a, pf_coc_iceberg, nzn_ghost_randoct,
          nicolae_elemental_shop, minmay_swirly_circle
Depths:2: minmay_blocking_statues, layout_cave_pools, minivault_11,
          pf_hell_entry_tar_spiral, minmay_microvault, serial_bayou_shore_b,
          serial_bayou_shore_b, infiniplex_staircase_trident, uniq_asterion

Skill      XL: |  1  2  3  4  5  6  7  8  9 10 11 12 13 14 15 16 17 |
---------------+----------------------------------------------------+-----
Unarmed Combat | 3 4 5 7 8 11 13 14 15 16 | 16.1
Invocations    | 2 3 5 7 9 |  9.0
Dodging        | 3 4 5 7 8 10 | 10.7
Fighting       | 3 4 6 7 8 9 11 13 | 13.0
Shields        | 3 8 11 12 14 15 | 15.0
Armour         | 1 |  1.0

Action                   |  1- 3 |  4- 6 |  7- 9 | 10-12 | 13-15 | 16-18 || total
-------------------------+-------+-------+-------+-------+-------+-------++-------
Melee: Unarmed           |    89 |    98 |   429 |   701 |  1597 |   518 ||  3432
       Punch             |     1 |     3 |     9 |     4 |       |       ||    17
       Dagger            |       |       |       |    10 |     3 |    17 ||    30
Throw: Boomerang         |       |       |       |     1 |    10 |       ||    11
Invok: Depart the Abyss  |     1 |       |       |       |       |       ||     1
       Banish            |       |       |     5 |    15 |    18 |     4 ||    42
       Bend Space        |       |       |       |     4 |    11 |     7 ||    22
 Abil: Evoke Flight      |       |       |       |       |     1 |       ||     1
Evoke: Wand              |       |       |       |       |     6 |       ||     6
  Use: Scroll            |       |       |    19 |     7 |    14 |     3 ||    43
       Potion            |       |       |       |       |     8 |     2 ||    10
 Stab: Distracted        |       |       |       |       |     1 |       ||     1
Armor: Robe              |    28 |    31 |   215 |   181 |   291 |    71 ||   817
       Fire dragon scale |       |       |       |       |       |     5 ||     5
Dodge: Dodged            |    37 |    32 |   279 |   211 |   368 |   147 ||  1074
Block: Other             |       |       |    44 |    40 |       |       ||    84
       Tower shield      |       |       |       |   603 |  1816 |   502 ||  2921
       Reflection        |       |       |       |    18 |    95 |    37 ||   150
       Kite shield       |       |       |       |    18 |       |       ||    18
